 Dungeon Crawl Stone Soup version 0.29.1-12-g30fa7ad0bf (webtiles) character file.

Game seed: 9697028643410963736

118 mopl the Chopper (level 5, 6/38 HPs)
             Began as a Formicid Warper on Jan 5, 2023.
             Quit the game on level 3 of the Dungeon.
             The game lasted 00:03:06 (2537 turns).

mopl the Chopper (Formicid Warper)                  Turns: 2537, Time: 00:03:07

Health: 6/38       AC:  6    Str: 18    XL:     5   Next: 23%
Magic:  8/8        EV: 11    Int: 12    God:
Gold:   94         SH:  0    Dex: 13    Spells: 8/8 levels left

rFire   . . .      SeeInvis +   a - +0 hand axe
rCold   . . .      Faith    .   (no shield)
rNeg    . . .      Spirit   .   m - +0 ring mail
rPois   .          Reflect  .   (helmet unavailable)
rElec   .          Harm     .   (no cloak)
rCorr   .          Rampage  .   (no gloves)
Will    .....                   r - +0 pair of boots
Stlth   +.........              (no amulet)
HPRegen 0.12/turn               (no ring)
MPRegen 0.11/turn               (no ring)

@: lethally poisoned (6 -> -8), attractive, flying
A: permanent stasis, dig shafts and tunnels, antennae 3, four strong arms
a: Dig, Shaft Self


You were on level 3 of the Dungeon.
You visited 1 branch of the dungeon, and saw 3 of its levels.

You collected 94 gold pieces.

Inventory:

Hand Weapons
 a - a +0 hand axe (weapon)
Missiles
 c - 7 boomerangs of dispersal (quivered)
Armour
 m - a +0 ring mail (worn)
 r - a +0 pair of boots (worn)
Magical Staves
 j - a staff of air
Wands
 s - a wand of flame (12)
Scrolls
 d - a scroll of amnesia {unknown}
 e - 3 scrolls of teleportation {unknown}
 g - 2 scrolls of blinking {unknown}
 k - 2 scrolls of poison {unknown}
 l - a scroll of magic mapping {unknown}
 n - 2 scrolls of fear {unknown}
 q - a scroll of enchant armour {unknown}
Potions
 f - a potion of might
 h - a potion of haste


   Skills:
 - Level 2.1 Fighting
 + Level 5.0 Axes
 - Level 1.0 Throwing
 - Level 1.1 Armour
 - Level 1.7 Dodging
 - Level 2.1 Spellcasting
 - Level 2.6 Translocations


You had 8 spell levels left.
You didn't know any spells.
Your spell library contained the following spells:

 Spells                   Type           Power      Damage    Failure   Level
 Gell's Gravitas          Tloc           7%         N/A       43%         3
 Lesser Beckoning         Tloc           7%         N/A       43%         3
 Teleport Other           Tloc           7%         N/A       43%         3
 Manifold Assault         Tloc           7%         N/A       99%         5
 Blink                    Tloc           Unusable   N/A       N/A         2

Dungeon Overview and Level Annotations

Branches:
Dungeon (3/15)

Altars:


Innate Abilities, Weirdness & Mutations

You cannot be hasted, slowed, berserked, paralysed or teleported.
You can dig through walls and to a lower floor.
You have a pair of large antennae on your head. (SInv)
Your four strong arms can wield two-handed weapons with a shield.


Message History

You barely miss the scorpion.
The scorpion is moderately wounded.
You feel sick. The scorpion completely misses you.
You hit the scorpion.
The scorpion is heavily wounded.
You feel very sick.
The scorpion stings you but does no damage.
You closely miss the scorpion.
The scorpion is heavily wounded.
You feel sick. The scorpion barely misses you. x2
You hit the scorpion but do no damage.
The scorpion is heavily wounded.
You feel sick. The scorpion stings you.
* * * LOW HITPOINT WARNING * * *
You hit the scorpion.
The scorpion is severely wounded.
You feel sick. The scorpion stings you.
* * * LOW HITPOINT WARNING * * *
You hit the scorpion but do no damage.
The scorpion is severely wounded.
* * * LOW HITPOINT WARNING * * *
You feel sick.
The scorpion stings you but does no damage.
The scorpion closely misses you.
It was a potion of flight.
You feel very buoyant.
You fly up into the air.
* * * LOW HITPOINT WARNING * * *
You feel sick. The scorpion misses you.
It was a potion of attraction.
You feel attractive to monsters.
* * * LOW HITPOINT WARNING * * *
You feel sick.
You are no longer poisoned.
The scorpion closely misses you.
It was a potion of curing.
You feel better. The scorpion stings you.
* * * LOW HITPOINT WARNING * * *
You are lethally poisoned!
The scorpion poisons you!
Are you sure you want to abandon this character and quit the game? (Confirm with "yes".)

..#.# . ...##...#.#....
..#... #. #..##...#.#....
###.#..$ #####.
#..##..........
#..##......#.
###..##...#...... ##.
.##....##.....#..).....[.
..
....$....#.........#....
#.........#>.#...######
#......s........##
#...(.@##......##
#....#......#..# #....
###.####### ..## ### #


You could see a scorpion.

Vanquished Creatures
  Terence (D:3)
  3 adders
  2 worms
  A dart slug (D:2)
  9 ball pythons
  6 endoplasms
  3 giant cockroaches
  6 goblins
  10 hobgoblins
  3 jackals (D:2)
  2 quokkas (D:3)
  3 bats
  2 frilled lizards (D:1)
  2 kobolds
  A rat (D:2)
54 creatures vanquished.

Notes
Turn   | Place    | Note
-------+----------+-------------------------------------------
     0 | D:1      | mopl the Formicid Warper began the quest for the Orb.
     0 | D:1      | Reached XP level 1. HP: 16/16 MP: 3/3
   124 | D:1      | Reached XP level 2. HP: 19/22 MP: 5/5
   127 | D:1      | Found a faded altar of an unknown god.
   391 | D:1      | Reached skill level 3 in Axes
   624 | D:1      | Reached XP level 3. HP: 23/27 MP: 6/6
  1549 | D:2      | Reached skill level 4 in Axes
  1549 | D:2      | Reached XP level 4. HP: 31/33 MP: 7/7
  2233 | D:3      | Noticed Terence
  2245 | D:3      | Killed Terence
  2246 | D:3      | Reached skill level 5 in Axes
  2246 | D:3      | Reached XP level 5. HP: 7/38 MP: 8/8
  2534 | D:3      | HP: 1/38 [poisoned by a scorpion]
  2537 | D:3      | Quit the game

Illustrated notes

Levels and vault maps discovered:
D:1:      dpeg_arrival_pits, layout_loops_ring,
          shapermc_ecumenical_altar_starsandcircs
D:2:      wad_crossroads, layout_loops_ring
D:3:      layout_rooms, pdpol_temple_overflow_zin_treasury_gozag_greed,
          marbit_many_paths, uniq_terence

Skill      XL: |  1  2  3  4 |
---------------+-------------+-----
Axes           | 3 4 5 |  5.0
Fighting       | |  2.1
Throwing       | |  1.0
Armour         | |  1.1
Dodging        | |  1.7
Spellcasting   | |  2.1
Translocations | |  2.6

Action                   |  1- 3 |  4- 6 || total
-------------------------+-------+-------++-------
Melee: Hand axe          |    96 |    87 ||   183
       Punch             |       |     1 ||     1
Evoke: Wand              |       |     1 ||     1
  Use: Potion            |       |     6 ||     6
Armor: Leather armour    |    16 |       ||    16
       Ring mail         |    13 |    28 ||    41
Dodge: Dodged            |    62 |    48 ||   110
